 Seeded DCSS version 0.29.1-1-gd02db6906a (webtiles) character file.

Game seed: 8800239265270809476 (custom seed)

4115 GigaChad the Fighter (level 10, -4/101 HPs)
             Began as a Minotaur Fighter on Sept 28, 2022.
             Was a Priest of Ashenzari.
             Slain by a yak (6 damage)
             ... on level 10 of the Dungeon on Sept 29, 2022.
             The game lasted 00:25:34 (9246 turns).

GigaChad the Fighter (Minotaur Fighter)             Turns: 9246, Time: 00:25:35

Health: -4/101     AC: 18    Str: 25    XL:     10   Next: 6%
Magic:  9/9        EV:  8    Int:  5    God:    Ashenzari [***...]
Gold:   390        SH:  7    Dex: 15    Spells: 9/9 levels left

rFire   . . .      SeeInvis +   O - +3 scimitar (freeze)
rCold   + . .      Faith    .   c - +1 buckler "Share My Idealism" {Melee, Fort} (curse)
rNeg    . . .      Spirit   .   F - +1 plate armour "Prescient Boredom" {Evo, Fort} (curse)
rPois   .          Reflect  .   (helmet restricted)
rElec   .          Harm     .   A - +0 cloak "Shackled Water Diviner" {Comp, Alch} (curse)
rCorr   .          Rampage  .   (no gloves)
Will    .....      Clarity  +   j - +0 pair of boots of Ashenzari's Shame {Elem, Fort} (curse)
Stlth   ..........              L - amulet of regeneration
HPRegen 1.06/turn               f - ring of the Wild Blue Yonder {rC+ Dex+5, Melee, Evo} (curse)
MPRegen 0.11/turn               (no ring)

@: no status effects
A: horns 2, retaliatory headbutt
a: Renounce Religion, Shatter the Chains


You were on level 10 of the Dungeon.
You worshipped Ashenzari.
Ashenzari was most pleased with you.
You visited 2 branches of the dungeon, and saw 11 of its levels.

You collected 390 gold pieces.

Inventory:

Hand Weapons
 a - a +0 war axe
 v - a -2 vorpal halberd
 I - a +2 great sword
 J - a +0 scimitar
 K - a +3 great sword
 M - a +4 trident
 O - a +3 scimitar of freezing (weapon)
Missiles
 g - a throwing net
 u - 4 poisoned darts (quivered)
Armour
 b - a +0 scale mail
 c - the cursed +1 buckler "Share My Idealism" (worn) {Melee, Fort}

   It has a curse which improves the following skills: Melee Combat: Short
   Blades, Long Blades, Axes, Maces & Flails, Polearms, Staves and Unarmed
   Combat.
   Fortitude: Armour and Shields.
 j - the cursed +0 pair of boots of Ashenzari's Shame (worn) {Elem, Fort}
   (You found it on level 2 of the Dungeon)

   It has a curse which improves the following skills: Elements: Fire Magic, Ice
   Magic, Air Magic and Earth Magic.
   Fortitude: Armour and Shields.
 z - a +0 chain mail
 A - the cursed +0 cloak "Shackled Water Diviner" (worn) {Comp, Alch}
   (You found it on level 5 of the Dungeon)

   It has a curse which improves the following skills: Companions: Summonings
   and Necromancy.
   Alchemy:   Poison Magic and Transmutations.
 F - the cursed +1 plate armour "Prescient Boredom" (worn) {Evo, Fort}
   (You took it off an orc warrior on level 7 of the Dungeon)

   It has a curse which improves the following skills: Evocations: Evocations.
   Fortitude: Armour and Shields.
Jewellery
 f - the cursed ring of the Wild Blue Yonder (left hand) {rC+ Dex+5, Melee, Evo}
   (You acquired it on level 1 of the Dungeon)

   [ring of protection from cold]

   Dex:       It affects your dexterity (+5).
   rC:        It protects you from cold.
   It has a curse which improves the following skills: Melee Combat: Short
   Blades, Long Blades, Axes, Maces & Flails, Polearms, Staves and Unarmed
   Combat.
   Evocations: Evocations.
 G - the amulet "Qapus" {Faith rCorr}
   (You found it on level 7 of the Dungeon)

   [amulet of faith]

   It allows you to gain divine favour quickly.
   rCorr:     It protects you from acid and corrosion.
 L - an amulet of regeneration (around neck)
Wands
 y - a wand of paralysis (10)
 D - a wand of flame (45)
Scrolls
 e - 2 scrolls of teleportation
 h - 2 scrolls of noise
 i - a scroll of blinking
 k - 2 scrolls of magic mapping
 l - 2 scrolls of silence
 s - 2 scrolls of butterflies
 t - 7 scrolls of identify
 w - a scroll of vulnerability
 B - a scroll of immolation
 E - a scroll of poison
 H - a scroll of fear
 N - a scroll of amnesia
Potions
 d - 2 potions of might
 m - a potion of brilliance
 n - 2 potions of invisibility
 o - a potion of mutation
 p - 2 potions of heal wounds
 q - a potion of berserk rage
 r - 7 potions of curing
 x - a potion of flight
 C - a potion of haste


   Skills:
 + Level 13.2 Fighting
 - Level 8.8(11.3) Axes
 - Level 6.9(10.1) Armour
 - Level 2.5 Dodging
 - Level 1.0 Stealth
 - Level 5.6(8.8) Shields


You had 9 spell levels left.
You didn't know any spells.
Your spell library contained the following spells:

 Spells                   Type           Power      Damage    Failure   Level
 Freeze                   Ice            0%         1d3       99%         1
 Sublimation of Blood     Necr           0%         N/A       100%        2
 Frozen Ramparts          Ice            0%         1d1       100%        3
 Inner Flame              Hex/Fire       0%         N/A       100%        3
 Anguish                  Hex/Necr       0%         N/A       100%        4
 Cause Fear               Hex            0%         N/A       100%        4
 Hailstorm                Conj/Ice       0%         3d3       100%        4
 Petrify                  Tmut/Erth      0%         N/A       100%        4
 Irradiate                Conj/Tmut      0%         3d11      100%        5
 Enfeeble                 Hex            0%         N/A       100%        7
 Discord                  Hex            0%         N/A       100%        8


Dungeon Overview and Level Annotations

Branches:
Dungeon (10/15)            Temple (1/1) D:4            Lair (0/5) D:10
    Orc: D:9-12

Altars:
Ashenzari
Dithmenos
Nemelex Xobeh
Trog
Xom
The Shining One

Annotations:
D:9 Amaemon
D:10 Snorg


Innate Abilities, Weirdness & Mutations

You have a pair of horns on your head.
You reflexively headbutt those who attack you in melee.


Message History

You feel strangely unstable.
You hear a shout!
Found a +0 long sword.
Your surroundings suddenly seem different. 3 wargs, 4 orcs and 6 yaks come into view.
Found the Cyclopedia of Beguiling.
Found a staircase to the Lair.
The warg howls! x2; The orc shouts! x2; The orc wizard shouts!
The yak bellows! x4
You block the yak's attack.
The orc hits the plant with a +0 whip.
The plant begins to die.
The warg bites the plant.
You slash the yak! You freeze the yak.
The yak is moderately wounded.
The warg bites the plant!!
The yak closely misses you. You block the yak's attack.
The yak barely misses you.
The orc hits the plant with a +0 whip.
The yak barely misses you.
The warg bites the plant.
You hit the yak but do no damage. You headbutt the yak, but do no damage.
The yak is moderately wounded.
The warg bites the plant!
The warg bites the plant!!
The orc priest calls down the wrath of Beogh upon you.
Beogh smites you!
* * * LOW HITPOINT WARNING * * *
The orc hits the plant with a +0 whip.
You block the yak's attack. The yak completely misses you.
You furiously retaliate!
You headbutt the yak! You block the yak's attack. The yak gores you.
* * * LOW HITPOINT WARNING * * *
The yak gores you.
* * * LOW HITPOINT WARNING * * *
The warg bites the plant! x2; The yak gores you but does no damage. x2
The orc hits the plant with a +0 club.
The yak gores you but does no damage. The yak barely misses you.
You block the yak's attack.
You hear a shout!
You closely miss the yak. You headbutt the yak, but do no damage.
A nearby plant withers and dies.
The yak gores you but does no damage. The yak gores you.
* * * LOW HITPOINT WARNING * * *
The yak gores you but does no damage.
The orc priest miscasts a cantrip.
The yak gores you.
You die...

, * * * * *
* * * , * *
##, * , ** ,
##. ~~ ,
##.. * ** *
##...#* * ,
* ##.....##
* ** , *
#.....YY#
###
#..P.hY@## ,
.... *
.....ohYY# *
, ...T
......ohY# *
#{. ,
....>o.o...*
* ,{ *
.........#.#
### ,
.........#.#
,#. ,#,.( ,
#.P.....#. #
#(#...#.*. *
*#.......##
#.....#..# *
##.....###.
*##.#.#.#...


You could see 6 yaks, 3 wargs, an orc priest, an orc wizard and 2 orcs.

Vanquished Creatures
  Pikel (D:6)
  A manticore (D:10)
  Prince Ribbit (D:6)
  A wyvern (D:7)
  Grum (D:9)
  A water moccasin (D:8)
  An orc warrior (D:7)
  3 wolves (D:9)
  2 centaurs
  2 phantoms
  A lemure (D:6)
  3 necrophages
  A scorpion (D:5)
  3 bullfrogs
  15 wights (D:7)
  5 killer bees (D:9)
  A crimson imp (D:4)
  4 hounds
  2 orc priests
  A jelly (D:5)
  3 iguanas
  8 orc wizards
  An adder (D:3)
  A shadow imp (D:8)
  2 white imps
  An ufetubus (D:5)
  4 worms
  6 dart slugs
  18 orcs
  5 ball pythons
  6 endoplasms
  3 giant cockroaches
  7 hobgoblins
  3 jackals
  4 kobolds
  6 quokkas
  3 bats
  7 frilled lizards
  6 goblins
  A goblin skeleton (D:4)
  5 hobgoblin zombies (D:4)
  A kobold skeleton (D:4)
  2 kobold zombies (D:4)
  An orc skeleton (D:4)
  An orc zombie (D:4)
  4 rats
159 creatures vanquished.

Vanquished Creatures (others)
  An orc wizard (D:6)
  A plant (D:10)
2 creatures vanquished.

Grand Total: 161 creatures vanquished

Notes
Turn   | Place    | Note
-------+----------+-------------------------------------------
     0 | D:1      | GigaChad the Minotaur Fighter began the quest for the Orb.
     0 | D:1      | Reached XP level 1. HP: 19/19 MP: 0/0
    33 | D:1      | Identified a scroll of acquirement
    33 | D:1      | Acquired the ring "Imidiori" {rC+ Dex+5}
   370 | D:1      | Reached XP level 2. HP: 20/27 MP: 1/1
   502 | D:1      | Reached skill level 4 in Fighting
   645 | D:2      | Reached XP level 3. HP: 21/33 MP: 2/2
  1649 | D:3      | Reached XP level 4. HP: 37/41 MP: 3/3
  2625 | D:4      | Found a glowing golden altar of the Shining One.
  2631 | D:4      | Reached XP level 5. HP: 47/47 MP: 4/4
  3053 | D:4      | Found a staircase to the Ecumenical Temple.
  3064 | Temple   | Entered the Ecumenical Temple
  3098 | Temple   | Became a worshipper of Ashenzari the Shackled
  3583 | D:5      | Entered Level 5 of the Dungeon
  3625 | D:5      | Reached skill level 1 in Dodging
  3633 | D:5      | Reached skill level 5 in Axes
  3633 | D:5      | Reached XP level 6. HP: 44/55 MP: 5/5
  3924 | D:5      | Reached skill level 5 in Fighting
  4085 | D:5      | Reached skill level 5 in Shields
  4133 | D:5      | Found a bloodstained altar of Trog.
  4148 | D:5      | Reached XP level 7. HP: 57/61 MP: 6/6
  4223 | D:5      | Reached skill level 5 in Armour
  4672 | D:6      | Noticed Prince Ribbit
  4696 | D:6      | Killed Prince Ribbit
  5240 | D:6      | Reached XP level 8. HP: 68/70 MP: 7/7
  5314 | D:6      | Reached skill level 6 in Fighting
  5314 | D:6      | Reached skill level 1 in Stealth
  5419 | D:6      | Noticed Pikel
  5440 | D:6      | Killed Pikel
  5994 | D:6      | Reached skill level 7 in Fighting
  6016 | D:7      | Reached * piety under Ashenzari
  6085 | D:7      | Identified the amulet "Qapus" {Faith rCorr}
  6123 | D:7      | Reached skill level 8 in Fighting
  6145 | D:7      | Reached XP level 9. HP: 41/81 MP: 8/8
  6325 | D:7      | Reached skill level 9 in Fighting
  6908 | D:7      | Found a shadowy altar of Dithmenos.
  6918 | D:7      | Reached skill level 10 in Fighting
  6984 | D:7      | Reached ** piety under Ashenzari
  7375 | D:8      | Reached skill level 11 in Fighting
  8410 | D:9      | Reached skill level 12 in Fighting
  8745 | D:9      | Noticed Grum
  8759 | D:9      | Killed Grum
  8988 | D:9      | Found the +4 robe of Augmentation {Str+4 Int+4 Dex+4}
  9053 | D:9      | Reached *** piety under Ashenzari
  9161 | D:9      | Noticed an orange demon
  9161 | D:9      | Noticed Amaemon
  9173 | D:10     | Entered Level 10 of the Dungeon
  9210 | D:10     | Noticed a manticore
  9220 | D:10     | Killed a manticore
  9221 | D:10     | Reached skill level 13 in Fighting
  9221 | D:10     | Reached XP level 10. HP: 61/101 MP: 9/9
  9227 | D:10     | Noticed Snorg
  9242 | D:10     | Found a staircase to the Lair.
  9242 | D:10     | Identified the Cyclopedia of Beguiling
  9245 | D:10     | HP: 4/101 [yak (3)]
  9246 | D:10     | Slain by a yak

Illustrated notes

Levels and vault maps discovered:
D:1:      minmay_arrival_widening_spiral_wide, layout_rooms,
          serial_bayou_pond_b, minmay_crystal_room, st_stairs_3
D:2:      layout_basic, hex_tiny, minmay_tetromino_o2
D:3:      layout_rooms, hellmonk_ecumenical_altar_inner_sanctum, st_stairs_8,
          grunt_ministairs_6
D:4:      layout_cave_pods, nicolae_tso_besieged_by_evil,
          minmay_temple_entry_arrows
D:5:      layout_rooms, kennysheep_little_box
D:6:      layout_basic, general_overflow_altar, chequers_ossuary_entry_cave,
          minmay_a_box_with_orc_wizards_in_it, uniq_pikel, uniq_prince_ribbit1
D:7:      layout_basic, lemuel_crystal_altar
D:8:      layout_loops_corners
D:9:      layout_basic, serial_shops, shop, uniq_amaemon, uniq_grum
D:10:     statuecave_lemuel, layout_loops_ring,
          mainiacjoe_overflow_surrounded_room, erik_lair_orcish_takeover,
          david_orc_2, serial_rivers, chequers_serial_rivers_room_a,
          chequers_serial_rivers_marsh, chequers_serial_rivers_small_b,
          chequers_serial_rivers_room_a, minivault_20, uniq_snorg, uniq_joseph,
          uniq_psyche
Temple:   bh_familiar_temple

Skill      XL: |  1  2  3  4  5  6  7  8  9 |
---------------+----------------------------+-----
Shields        | 4 5 |  5.6
Fighting       | 4 5 8 13 | 13.2
Armour         | 4 6 |  6.9
Axes           | 3 4 5 6 7 8 |  8.8
Dodging        | 1 2 |  2.5
Stealth        | 1 |  1.0

Action                   |  1- 3 |  4- 6 |  7- 9 | 10-12 || total
-------------------------+-------+-------+-------+-------++-------
Melee: War axe           |    84 |   113 |   139 |       ||   336
       Headbutt          |     7 |    25 |    44 |     2 ||    78
       Scimitar          |       |       |    93 |     9 ||   102
Throw: Dart              |       |       |     2 |       ||     2
Invok: Curse Item        |       |     1 |     4 |       ||     5
  Use: Scroll            |     1 |       |     4 |     3 ||     8
Armor: Scale mail        |    34 |    33 |       |       ||    67
       Chain mail        |       |    27 |    80 |       ||   107
       Plate armour      |       |       |    76 |    13 ||    89
Dodge: Dodged            |    43 |    41 |    93 |     9 ||   186
Block: Buckler           |    25 |    28 |    94 |     9 ||   156
